AoeStats
← Sir Knight 999

Arena

509491967Analyzed
4v4 RM · 4d ago on Sep 27, 2026· 47m 21s· 8 players
Game mode
Random Map
Map size
Large (8 player)
Population
200
Speed
Normal
Resources
Standard
Victory
Conquest
Starting age
Dark Age
Ending age
Imperial Age
RankedLock teamsTeams togetherTeam positionsShared explorationLock speedFull tech treeHidden civsTurbo modeCheats
Victory
Defeat
🇺🇸 Goths · United States
786
+5
🇺🇸 Celts · United States
668
+8
🇺🇸 Huns · United States
654
+19
🇺🇸 Huns · United States
537
+12
🇨🇦 Romans · Canada
600
-13
🇺🇸 Celts · United States
464
-8
🇺🇸 Franks · United States
450
-7
🇨🇦 Turks · Canada
362
-5
jordanm708
16:35 Feudal Age
17:19 Double-Bit Axe
17:31 Stone Mining
17:34 Gold Mining
18:23 Wheelbarrow
19:36 Forging
23:37 Scale Barding Armor
25:53 Castle Age
27:12 Castle Age
26:13 Town Watch
27:55 Husbandry
28:46 Iron Casting
28:32 Chain Barding Armor
28:59 Gold Shaft Mining
28:45 Bow Saw
29:23 Hand Cart
29:59 Caravan
tester78546
1:26 Loom
10:37 Feudal Age
12:18 Double-Bit Axe
12:26 Horse Collar
16:48 Gold Mining
21:05 Castle Age
21:26 Forging
22:23 Scale Barding Armor
22:54 Heavy Plow
24:32 Bow Saw
24:42 Town Watch
25:25 Stone Mining
25:57 Scale Mail Armor
27:23 Wheelbarrow
30:12 Hand Cart
30:44 Gold Shaft Mining
30:22 Husbandry
Eyjafjallajökull
0:28 Loom
11:38 Feudal Age
14:53 Double-Bit Axe
15:33 Horse Collar
24:34 Castle Age
25:47 Heavy Plow
25:59 Bow Saw
30:46 Imperial Age
29:27 Town Watch
31:23 Fortified Wall
Ambwind
1:07 Loom
13:01 Feudal Age
17:49 Wheelbarrow
17:25 Double-Bit Axe
18:34 Town Watch
18:56 Horse Collar
21:25 Castle Age
21:06 Forging
20:57 Scale Mail Armor
21:48 Scale Mail Armor
23:03 Man-at-Arms
23:29 Gambesons
23:10 Pikeman
23:57 Pikeman
25:45 Chain Mail Armor
27:19 Iron Casting
26:37 Arson
27:50 Long Swordsman
31:21 Hand Cart
Sir Knight3704
15:39 Loom
17:35 Feudal Age
40:26 Castle Age
41:29 Scale Mail Armor
41:37 Padded Archer Armor
Sir Knight 999
0:29 Loom
11:18 Feudal Age
16:22 Castle Age
18:36 Forging
18:31 Scale Mail Armor
19:34 Squires
21:00 Iron Casting
21:16 Chain Mail Armor
22:18 Pikeman
44:48 Imperial Age
42:56 Wheelbarrow
42:07 Double-Bit Axe
42:03 Horse Collar
43:49 Anarchy
45:19 Bow Saw
45:11 Heavy Plow
44:59 Town Watch
45:10 Spies/Treason
46:16 Halberdier
47:20 Conscription
47:29 Hand Cart
47:14 Town Patrol
48:45 Blast Furnace
kdawg4400
0:50 Loom
12:22 Feudal Age
19:30 Castle Age
18:41 Horse Collar
19:42 Wheelbarrow
19:05 Double-Bit Axe
22:04 Stone Mining
22:18 Gold Mining
23:17 Heavy Plow
23:33 Bow Saw
24:18 Gold Shaft Mining
30:22 Hand Cart
35:38 Imperial Age
32:54 Town Watch
33:42 Ballistics
33:18 Murder Holes
35:41 Coinage
35:13 Caravan
37:50 Crossbowman
38:36 Thumb Ring
37:51 Elite Skirmisher
37:52 Heavy Cavalry Archer
38:58 Parthian Tactics
37:59 Man-at-Arms
37:59 Pikeman
38:40 Squires
38:27 Arson
38:47 Marauders
38:19 Sappers
39:10 Atheism
38:12 Elite Tarkan
38:28 Light Cavalry
38:29 Cavalier
39:10 Husbandry
39:20 Bloodlines
40:37 Two-Man Saw
39:44 Scale Barding Armor
39:40 Scale Mail Armor
39:40 Padded Archer Armor
39:31 Fletching
40:10 Forging
41:36 Hussar
JP Captain
12:38 Feudal Age
16:40 Castle Age
17:20 Stone Mining
17:22 Double-Bit Axe
22:13 Horse Collar
27:37 Gold Mining
29:49 Scale Mail Armor
30:01 Pikeman
37:24 Imperial Age
36:28 Wheelbarrow
36:25 Bow Saw
36:45 Chain Mail Armor
40:17 Halberdier
Connection lost

Rejoining the realm…

Still unreachable

The connection could not be restored.

Session expired

The server has moved on; the page needs a fresh start.